 Dungeon Crawl Stone Soup version 0.24-a0-459-g225fefd530 (webtiles) character file.

Game seed: 8584463692439329218

47 mhoghedin the Digger (level 3, 0/26 HPs)
             Began as a Hill Orc Earth Elementalist on June 30, 2019.
             Succumbed to an adder's poison
             ... on level 2 of the Dungeon.
             The game lasted 00:02:53 (1091 turns).

mhoghedin the Digger (Hill Orc Earth Elementalist)  Turns: 1091, Time: 00:02:53

Health: 0/26       AC:  2    Str: 15    XL:     3   Next: 70%
Magic:  0/5        EV: 17    Int: 16    God:
Gold:   11         SH:  0    Dex: 16    Spells: 4/5 levels left

rFire    . . .     SeeInvis .   f - +0 club
rCold    . . .     Gourm    .   (no shield)
rNeg     . . .     Faith    .   c - +0 robe
rPois    .         Spirit   +   (no helmet)
rElec    .         Reflect  .   (no cloak)
rCorr    .         Harm     .   (no gloves)
MR       .....                  (no boots)
Stlth    +++.......             i - amulet of guardian spirit {Spirit}
HPRegen  0.08/turn              (no ring)
MPRegen  0.09/turn              (no ring)

@: mighty, agile, lethally poisoned (0 -> -9)
A: no striking features
a: no special abilities


You were on level 2 of the Dungeon.
You were very hungry.

You visited 1 branch of the dungeon, and saw 2 of its levels.

You collected 11 gold pieces.

Inventory:

Hand Weapons
 f - a +0 club (weapon)
   (You took it off a hobgoblin on level 1 of the Dungeon)
 g - a cursed -1 dagger
   (You took it off a goblin on level 1 of the Dungeon)
Missiles
 b - 19 stones (quivered)
Armour
 c - a +0 robe (worn)
 m - a +0 cloak
   (You found it on level 1 of the Dungeon)
Jewellery
 i - an amulet of guardian spirit (around neck) {Spirit}
   (You took it off a goblin on level 1 of the Dungeon)
Scrolls
 a - a scroll of enchant armour {unknown}
 k - a scroll of immolation {unknown}
 l - a scroll of fog {unknown}
Potions
 e - a potion of might
Comestibles
 d - a ration


   Skills:
 - Level 1.5 Dodging
 - Level 1.5 Stealth
 - Level 1.5 Spellcasting
   Level 0.6 Transmutations
 + Level 4.5 Earth Magic


You had 4 spell levels left.
You knew the following spells:

 Your Spells              Type           Power        Failure   Level  Hunger
a - Sandblast             Erth           ###...       3%          1    ##.....

Your spell library contained the following spells:

 Spells                   Type           Power        Failure   Level  Hunger
 Passwall                 Tmut/Erth      #.......     12%         2    ###....
 Stone Arrow              Conj/Erth      #.....       26%         3    ####...
 Petrify                  Tmut/Erth      #.......     58%         4    #####..
 Lee's Rapid Deconstruct  Erth           ###.......   67%         5    ######.


Dungeon Overview and Level Annotations

Branches:
Dungeon (2/15)

Altars:


Message History

The blast of sand misses the rat.
b - 24 stones You now have 4/5 mp.
Aim: a rat The blast of sand hits the rat!
You kill the rat!
b - 23 stones You now have 3/5 mp.
(D) Dungeon
Where to? (Enter - D:2, ? - help)
There is a stone staircase leading down here.
You climb downwards.
There is a stone staircase leading up here.
A ball python comes into view.
The ball python hisses angrily.
A kobold comes into view.
There are monsters nearby!
Aim: a ball python The blast of sand hits the ball python!
You kill the ball python!
b - 22 stones The kobold shouts!
You hear an angry hiss.
You now have 3/5 mp.
You can't see any susceptible monsters within range! (Use Z to cast anyway.)
You can't see any susceptible monsters within range! (Use Z to cast anyway.)
An adder comes into view.
The kobold hits you but does no damage.
There are monsters nearby!
Aim: a kobold The blast of sand hits the kobold!
You kill the kobold!
b - 21 stones The adder hisses angrily.
You now have 2/5 mp.
Aim: an adder The blast of sand misses the adder.
b - 20 stones The adder barely misses you.
You now have 1/5 mp.
Aim: an adder The blast of sand hits the adder!
b - 19 stones The adder barely misses you. x2
You now have 0/5 mp.
You don't have enough magic to cast that spell.
You closely miss the adder. The adder bites you.
You are poisoned.
The adder poisons you!
You take 1 damage, and have 25/26 hp.
You feel sick.
You take 1 damage, and have 24/26 hp.
The adder bites you.
You feel sick.
You take 1 damage, and have 23/26 hp.
There is a stone staircase leading up here.
A kobold comes into view.
It is wielding a +0 short sword of speed.
The kobold shouts!
The adder bites you.
You are more poisoned.
The adder poisons you!
You take 3 damage, and have 20/26 hp.
You feel sick.
You take 1 damage, and have 19/26 hp.
You feel sick. The kobold barely misses you. The adder bites you.
You take 4 damage, and have 15/26 hp.
You miss the kobold.
You feel sick. The adder closely misses you. The kobold closely misses you.
You take 1 damage, and have 14/26 hp.
You closely miss the kobold.
You feel sick. The adder misses you. The kobold barely misses you.
The adder bites you.
You are lethally poisoned!
The adder poisons you! The kobold closely misses you.
You take 3 damage, and have 11/26 hp.
You don't have enough magic to cast that spell.
It was a potion of might.
You feel very mighty all of a sudden.
You feel sick. The adder bites you.
* * * LOW HITPOINT WARNING * * *
The kobold misses you.
You take 4 damage, and have 7/26 hp.
Unknown command.
You barely miss the adder.
* * * LOW HITPOINT WARNING * * *
You feel sick. The adder bites you but does no damage.
The kobold hits you with a +0 short sword of speed.
* * * LOW HITPOINT WARNING * * *
The adder bites you but does no damage. The kobold misses you.
You take 5 damage, and have 2/26 hp.
You barely miss the adder.
* * * LOW HITPOINT WARNING * * *
You feel sick. The adder bites you. The kobold hits you but does no damage.
The adder closely misses you.
You take 1 damage, and have 1/26 hp.
You now have 0/5 mp.
Unknown command.
You don't have enough magic to cast that spell.
Unknown command.
It was a potion of agility.
You feel agile all of a sudden.
You die...

#.#.# #.#.# #.#.#
##.#.# ###)...#
...[..# #(†.#
################.#
......K@S..<.....#
##################


You could see an adder and a kobold.

Vanquished Creatures
  A gnoll (D:1)
  3 dart slugs (D:1)
  5 bats (D:1)
  A giant cockroach (D:1)
  2 hobgoblins (D:1)
  3 jackals (D:1)
  7 kobolds
  A ball python (D:2)
  4 goblins (D:1)
  5 rats (D:1)
32 creatures vanquished.

Notes
Turn   | Place    | Note
-------+----------+-------------------------------------------
     0 | D:1      | mhoghedin the Hill Orc Earth Elementalist began the quest
                  | for the Orb.
     0 | D:1      | Reached XP level 1. HP: 14/14 MP: 3/3
    87 | D:1      | Reached XP level 2. HP: 20/20 MP: 0/4
   296 | D:1      | Reached skill level 4 in Earth Magic
   494 | D:1      | Reached XP level 3. HP: 22/26 MP: 2/5
  1089 | D:2      | HP: 6/26 [poisoned by an adder]
  1089 | D:2      | HP: 2/26 [kobold/+0 short sword of speed (4)]
  1091 | D:2      | Succumbed to an adder's poison

Levels and vault maps discovered:
D:1:      wheals_arrival_shading, layout_rooms, hangedman_decor_growths,
          st_stairs_11
D:2:      layout_loops_ring, grunt_gozag_breadcrumbs,
          nemelex_xobeh_ov_fountains_minmay, first_ration,
          chequers_ecumenical_altar_island

Skill      XL: |  1  2 |
---------------+-------+-----
Earth Magic    | 4 |  4.5
Dodging        | |  1.5
Stealth        | |  1.5
Spellcasting   | |  1.5
Transmutations | |  0.6

Action                   || total
-------------------------++-------
Melee: Club              ||    27
 Cast: Sandblast         ||    35
  Use: Potion            ||     2
Armor: Robe              ||    10
Dodge: Dodged            ||    43

Table legend:
 A = Non-vault XP
 B = Vault XP
 C = Vault XP percentage of total XP
 D = Non-vault monster count
 E = Vault monster count
 F = Vault count percentage of total count
                 A         B        C        D         E       F
            +---------+---------+-------+---------+---------+-------
      Total |      61 |       7 |  10.3 |      29 |       3 |   9.4
            +---------+---------+-------+---------+---------+-------
        D:1 |      59 |       7 |  10.6 |      27 |       3 |  10.0
        D:2 |       2 |       0 |   0.0 |       2 |       0 |   0.0
            +---------+---------+-------+---------+---------+-------

Levels and vault maps discovered:
D:1:      wheals_arrival_shading, layout_rooms, hangedman_decor_growths,
          st_stairs_11
D:2:      layout_loops_ring, grunt_gozag_breadcrumbs,
          nemelex_xobeh_ov_fountains_minmay, first_ration,
          chequers_ecumenical_altar_island

Table legend:
 A = Turns spent in this place as a percentage of turns spent in the entire game.
 B = Non-inter-level travel turns spent in this place as a percentage of non-inter-level travel turns spent in the entire game.
 C = Inter-level travel turns spent in this place as a percentage of turns spent in this place.
 D = Turns resting spent in this place as a percentage of non-inter-level travel turns spent in this place.
 E = Turns spent auto-exploring this place as a percentage of non-inter-level travel turns spent in this place.
 F = Non-inter-level travel turns spent in this place divided by the number of levels of this place that you've seen.
                   A       B       C       D       E      F
               +-------+-------+-------+-------+-------+----------------------
         Total | 100.0 | 100.0 |   0.8 |  42.1 |  37.9 | 541.0
       Dungeon | 100.0 | 100.0 |   0.8 |  42.1 |  37.9 | 541.0
               +-------+-------+-------+-------+-------+----------------------

Table legend:
 A = Kills in this place as a percentage of kills in entire the game.
 B = Kills by you in this place as a percentage of kills by you in the entire game.
 C = Kills by friends in this place as a percentage of kills by friends in the entire game.
 D = Other kills in this place as a percentage of other kills in the entire game.
 E = Experience gained in this place as a percentage of experience gained in the entire game.
 F = Experience gained in this place divided by the number of levels of this place that you have seen.
                   A       B       C       D       E      F
               +-------+-------+-------+-------+-------+----------------------
         Total | 100.0 | 100.0 |   N/A |   N/A | 100.0 |  34.0
       Dungeon | 100.0 | 100.0 |   N/A |   N/A | 100.0 |  34.0
               +-------+-------+-------+-------+-------+----------------------
